AoeStats
← orag0ny

Arabia

509864257Analyzed
1v1 RM · 4d ago on Sep 28, 2026· 23m 32s· 2 players
Game mode
Random Map
Map size
Tiny (2 player)
Population
200
Speed
Normal
Resources
Standard
Victory
Conquest
Starting age
Dark Age
Ending age
Imperial Age
RankedLock teamsTeams togetherTeam positionsShared explorationLock speedFull tech treeHidden civsTurbo modeCheats
Victory
Defeat
🇨🇳 Franks · China
779
+15
🇨🇳 Huns · China
762
-15
crazypig
10:23 Feudal Age
10:49 Double-Bit Axe
14:32 Forging
17:19 Scale Barding Armor
21:29 Castle Age
22:27 Fletching
orag0ny
8:35 Loom
11:08 Feudal Age
15:29 Castle Age
14:05 Scale Barding Armor
16:24 Husbandry
19:52 Double-Bit Axe
23:09 Chain Barding Armor
Connection lost

Rejoining the realm…

Still unreachable

The connection could not be restored.

Session expired

The server has moved on; the page needs a fresh start.